 Dungeon Sprint DCSS version 0.21-a0-91-ga5031da (webtiles) character file.

2557 Kidiri the Grappler (level 9, -2/79 HPs)
             Began as a Red Draconian Transmuter on June 28, 2017.
             Was a High Priest of Wu Jian.
             Slain by Sonja
             ... wielding a +2 dagger of venom
              (5 damage)
             ... in the Dungeon (Sprint VII: "The Pits").
             The game lasted 00:07:12 (1328 turns).

Kidiri the Grappler (Red Draconian Transmuter)      Turns: 1328, Time: 00:07:12

Health: -2/79      AC:  8    Str: 14    XL:     9   Next: 31%
Magic:  12/22      EV: 19    Int: 14    God:    Wu Jian [*****.]
Gold:   0          SH:  0    Dex: 19    Spells: 11/26 levels left

rFire    + . .     SeeInvis .     - Unarmed
rCold    . . .     Gourm    .   (shield currently unavailable)
rNeg     . . .     Faith    .   (armour unavailable)
rPois    .         Spirit   .   (helmet restricted)
rElec    .         Reflect  .   t - +0 cloak
rCorr    .         Harm     .   (gloves currently unavailable)
MR       .....     NoTele   +   (no boots)
Stlth    ++++......             (no amulet)
HPRegen  0.23/turn              q - +3 ring of dexterity
MPRegen  0.18/turn              r - +3 ring of dexterity

@: lethally poisoned (-2 -> -33), exhausted, short of breath, blade hands,
slowed, very slow
A: breathe fire, unfitting armour, fire resistance 1, cold-blooded, subdued
magic 1, AC +7
a: Breathe Fire, End Transformation, Serpent's Lash, Heavenly Storm, Renounce
Religion


You were in the Dungeon.
You worshipped Wu Jian.
Wu Jian was extremely pleased with you.
You were very full.
You had blades for hands.
You visited 1 branch

Inventory:

Missiles
 a - 9 arrows
Armour
 t - a +0 cloak (worn)
Jewellery
 q - a +3 ring of dexterity (left scythe-like blade)
 r - a +3 ring of dexterity (right scythe-like blade)
Scrolls
 i - a scroll of blinking
 k - 3 scrolls of remove curse
 l - 5 scrolls of amnesia
 m - a scroll of summoning
Potions
 d - 5 potions of curing
 e - 16 potions of heal wounds
 f - 2 potions of haste
 g - 4 potions of magic
 h - 2 potions of berserk rage
 j - 2 potions of invisibility
 s - a potion of agility
Books
 b - a book of Changes

   Spells                             Type                      Level
   a - Beastly Appendage              Transmutation                1
   b - Sticks to Snakes               Transmutation                2
   c - Spider Form                    Transmutation/Poison         3
   d - Ice Form                       Ice/Transmutation            4
   e - Blade Hands                    Transmutation                5
Comestibles
 c - 8 bread rations
 n - 29 fruits
 o - 7 meat rations
 p - 6 chunks of flesh


   Skills:
 + Level 7.2 Fighting
 * Level 9.0 Dodging
 + Level 6.5 Stealth
 * Level 10.0 Unarmed Combat
 * Level 9.0 Spellcasting
 + Level 7.0 Transmutations
 + Level 4.6 Ice Magic
 + Level 5.6 Poison Magic


You had 11 spell levels left.
You knew the following spells:

 Your Spells              Type           Power        Failure   Level  Hunger
a - Beastly Appendage     Tmut           ###...       11%         1    None
b - Sticks to Snakes      Tmut           ###.....     12%         2    None
c - Spider Form           Tmut/Pois      ###.......   21%         3    ##.....
d - Ice Form              Ice/Tmut       ###.....     43%         4    ####...
e - Blade Hands           Tmut           ###.......   54%         5    #####..


Dungeon Overview and Level Annotations

Branches:
Dungeon (1/1)

Altars:
Ashenzari
Cheibriados
Dithmenos
Elyvilon
Fedhas
Gozag
Hepliaklqana
Kikubaaqudgha
Makhleb
Nemelex Xobeh
Okawaru
Qazlal
Ru
Sif Muna
Trog
Uskayaw
Vehumet
Wu Jian
Xom
Yredelemnul
Zin
The Shining One
Beogh
Jiyva
Lugonu

Annotations:
D Sonja


Innate Abilities, Weirdness & Mutations

You can breathe blasts of fire.
Your fiery red scales are hard. (AC +7)
You cannot fit into any form of body armour.
Your flesh is heat resistant. (rF+)
You are cold-blooded and may be slowed by cold attacks.
Your spells are a little easier to cast, but a little less powerful.


Message History

Sonja hits you but does no damage.
You are more poisoned.
The blink frog hits you!
* * * LOW HITPOINT WARNING * * *
The orange demon stings you but does no damage.
Sonja misses you. x3; The blink frog blinks!
You see here a blink frog corpse.
You spin and attack Sonja.
You hit Sonja.
Sonja is severely wounded.
* * * LOW HITPOINT WARNING * * *
You feel very sick. Sonja misses you.
Sonja hits you with an uncursed dagger of venom.
* * * LOW HITPOINT WARNING * * *
Sonja closely misses you.
Sonja hits you with an uncursed dagger of venom.
* * * LOW HITPOINT WARNING * * *
Sonja misses you.
Sonja hits you with an uncursed dagger of venom.
You die...

....##..#....##...#
....##..'...[.#...#
######..'.÷...'...+
######..'.....#...#
..[.##..#....##...#
..[[##..#..#####.##
..))##..####...#'######.
..))##..##...†F†§.......
..))##..#.....4K@......#
########################


You could see an orange demon, a blink frog and Sonja.

Vanquished Creatures
  An unseen horror (D)
  A molten gargoyle (D)
  An orange demon (D)
  4 blink frogs (D)
  A wyvern (D)
  A porcupine (D)
  A floating eye (D)
  An ogre (D)
  A crocodile (D)
  A big kobold (D)
  A crimson imp (D)
  Ijyb (D)
  An iguana (D)
  A mummy (D)
  A gnoll (D)
  An adder (D)
  2 ufetubi (D)
  An adder skeleton (D)
  An orc (D)
  A goblin (D)
  2 jackals (D)
  A quokka (D)
  A ball python (D)
  2 frilled lizards (D)
  A kobold (D)
  A leopard gecko skeleton (D)
  A rat (D)
33 creatures vanquished.

Notes
Turn   | Place    | Note
-------+----------+-------------------------------------------
     0 | D        | Kidiri the Draconian Transmuter began the quest for the Orb.
     0 | D        | Reached XP level 1. HP: 16/16 MP: 3/3
    47 | D        | Found a bloodstained altar of Trog.
    47 | D        | Found a deep blue altar of Sif Muna.
    47 | D        | Found a viscous altar of Jiyva.
    47 | D        | Found a hazy altar of Hepliaklqana.
    47 | D        | Found an opulent altar of Gozag.
    48 | D        | Found a glowing golden altar of the Shining One.
    48 | D        | Found a glowing silver altar of Zin.
    48 | D        | Found a basalt altar of Yredelemnul.
    48 | D        | Found a shimmering altar of Xom.
    48 | D        | Found an ornate altar of the Wu Jian Council.
    48 | D        | Found a sacrificial altar of Ru.
    48 | D        | Found a stormy altar of Qazlal.
    48 | D        | Found an iron altar of Okawaru.
    48 | D        | Found a sparkling altar of Nemelex Xobeh.
    48 | D        | Found a burning altar of Makhleb.
    48 | D        | Found a blossoming altar of Fedhas.
    48 | D        | Found a white marble altar of Elyvilon.
    48 | D        | Found a shadowy altar of Dithmenos.
    48 | D        | Found a snail-covered altar of Cheibriados.
    50 | D        | Found a radiant altar of Vehumet.
    50 | D        | Found a corrupted altar of Lugonu.
    50 | D        | Found a roughly hewn altar of Beogh.
    51 | D        | Found a hide-covered altar of Uskayaw.
    51 | D        | Found an ancient bone altar of Kikubaaqudgha.
    51 | D        | Found a shattered altar of Ashenzari.
    57 | D        | Became a worshipper of the Wu Jian Council
   104 | D        | Reached * piety under Wu Jian
   104 | D        | Reached XP level 2. HP: 23/23 MP: 2/5
   143 | D        | Learned a level 2 spell: Sticks to Snakes
   152 | D        | Reached ** piety under Wu Jian
   159 | D        | Reached skill level 1 in Stealth
   167 | D        | Reached skill level 4 in Unarmed Combat
   318 | D        | Noticed a crimson imp
   318 | D        | Noticed an ogre
   346 | D        | Reached *** piety under Wu Jian
   346 | D        | Reached XP level 3. HP: 11/29 MP: 2/7
   349 | D        | Killed an ogre
   349 | D        | Reached skill level 5 in Unarmed Combat
   349 | D        | Reached XP level 4. HP: 15/38 MP: 3/10
   357 | D        | Reached **** piety under Wu Jian
   357 | D        | Reached skill level 5 in Dodging
   357 | D        | Reached XP level 5. HP: 6/45 MP: 3/12
   386 | D        | Learned a level 3 spell: Spider Form
   391 | D        | Learned a level 4 spell: Ice Form
   675 | D        | Noticed a porcupine
   679 | D        | Killed a porcupine
   679 | D        | Reached skill level 6 in Unarmed Combat
   679 | D        | Reached skill level 5 in Spellcasting
   679 | D        | Reached skill level 1 in Ice Magic
   679 | D        | Reached skill level 1 in Poison Magic
   679 | D        | Reached XP level 6. HP: 39/52 MP: 2/14
   683 | D        | Noticed an orange demon
   693 | D        | Killed an orange demon
   693 | D        | Reached skill level 5 in Fighting
   693 | D        | Reached skill level 7 in Unarmed Combat
   693 | D        | Reached skill level 5 in Transmutations
   693 | D        | Your scales start taking on a fiery red colour.
   693 | D        | Reached XP level 7. HP: 24/61 MP: 1/16
   693 | D        | Gained mutation: Your flesh is heat resistant. (rF+) [Red Draconian growth]
   884 | D        | Learned a level 5 spell: Blade Hands
   891 | D        | Reached ***** piety under Wu Jian
   938 | D        | Noticed an unseen horror
   940 | D        | Killed an unseen horror
   940 | D        | Reached skill level 5 in Stealth
   940 | D        | Reached skill level 8 in Unarmed Combat
   940 | D        | Reached XP level 8. HP: 61/70 MP: 11/19
  1075 | D        | Gained mutation: Your spells are a little easier to cast, but a little less powerful. [miscasting Blade Hands]
  1191 | D        | Noticed Ijyb
  1195 | D        | Reached skill level 9 in Unarmed Combat
  1197 | D        | Killed Ijyb
  1314 | D        | Noticed a blink frog
  1314 | D        | Noticed a blink frog
  1314 | D        | Noticed a blink frog
  1314 | D        | Noticed a blink frog
  1314 | D        | Noticed an orange demon
  1315 | D        | Noticed a blink frog
  1315 | D        | Noticed a molten gargoyle
  1315 | D        | Noticed Sonja
  1317 | D        | Killed a blink frog
  1318 | D        | Killed a blink frog
  1318 | D        | Reached skill level 5 in Poison Magic
  1320 | D        | Killed a molten gargoyle
  1320 | D        | Reached XP level 9. HP: 78/78 MP: 15/21
  1323 | D        | Reached skill level 10 in Unarmed Combat
  1328 | D        | HP: 3/79 [Sonja/uncursed dagger of venom (1)]
  1328 | D        | Slain by Sonja

Vault maps used:
D:        pitsprint

Skill      XL: |  1  2  3  4  5  6  7  8  9 |
---------------+----------------------------+-----
Dodging        | 2 3 4 5 6 7 8 9 |  9.0
Stealth        | 1 2 3 4 5 6 |  6.5
Spellcasting   | 3 4 5 6 7 8 9 |  9.0
Unarmed Combat | 4 5 6 7 8 9 10 | 10.0
Fighting       | 3 4 5 6 7 |  7.2
Transmutations | 3 4 5 6 7 |  7.0
Ice Magic      | 1 2 3 4 |  4.6
Poison Magic   | 1 3 4 5 |  5.6

Action                   |  1- 3 |  4- 6 |  7- 9 || total
-------------------------+-------+-------+-------++-------
Melee: Unarmed           |    39 |    19 |    47 ||   105
       Tailslap          |     4 |       |     3 ||     7
       Headbutt          |     2 |       |       ||     2
       Kick              |     4 |     1 |       ||     5
       Punch             |       |       |     2 ||     2
 Cast: Beastly Appendage |     7 |       |       ||     7
       Sticks to Snakes  |     3 |       |       ||     3
       Spider Form       |       |     2 |       ||     2
       Blade Hands       |       |       |     5 ||     5
       Ice Form          |       |       |     1 ||     1
Invok: Heavenly Storm    |       |       |     1 ||     1
       Serpent's Lash    |       |       |     2 ||     2
 Abil: Breathe Fire      |       |       |     1 ||     1
  Use: Potion            |     2 |       |     1 ||     3
 Stab: Sleeping          |       |     1 |       ||     1
       Distracted        |       |       |     1 ||     1
  Eat: Chunk             |       |       |     2 ||     2
       Fruit             |       |       |    11 ||    11
Armor: Skin              |    20 |       |     9 ||    29
Dodge: Dodged            |    32 |    17 |    41 ||    90
